 Dungeon Crawl Stone Soup version 0.31.0-11-ge490571c62 (webtiles) character file.

Game seed: 6634799337108457217

8 Aviak the Firebug (level 2, 12/19 HPs)
             Began as a Demonspawn Fire Elementalist on Jan 26, 2024.
             Quit the game on level 1 of the Dungeon.
             The game lasted 00:00:38 (113 turns).

Aviak the Firebug (Demonspawn Fire Elementalist)     Turns: 113, Time: 00:00:38

Health: 12/19      AC:  2    Str:  8    XL:     2   Next: 0%
Magic:  3/5        EV: 12    Int: 15    God:
Gold:   0          SH:  0    Dex: 13    Spells: 4/5 levels left

rFire   . . .        d - +1 dagger (venom)
rCold   . . .        (no shield)
rNeg    . . .        a - +0 robe
rPois   .            (helmet restricted)
rElec   .            (no cloak)
rCorr   .            (no gloves)
SInv    .            (no boots)
Will    .....        (no amulet)
Stlth   ++           (no ring)
HPRegen 0.23/turn    (no ring)
MPRegen 0.09/turn

%: no passive effects
@: no status effects
A: antennae 1
a: no special abilities


You were on level 1 of the Dungeon.
You visited 1 branch of the dungeon, and saw 1 of its levels.

Inventory:

Hand Weapons
 d - a +1 dagger of venom (weapon)
Armour
 a - a +0 robe (worn)
Potions
 b - a potion of magic
 c - a potion of might {unknown}


   Skills:
 + Level 1.9 Dodging
 - Level 2.0 Stealth
 + Level 2.1 Spellcasting
 + Level 1.2 Conjurations
 + Level 2.8 Fire Magic


You had 4 spell levels left.
You knew the following spells:

 Your Spells              Type           Power      Damage    Failure   Level
a - Foxfire               Conj/Fire      28%        2x1d5     10%         1

Your spell library contained the following spells:

 Spells                   Type           Power      Damage    Failure   Level
 Scorch                   Fire           20%        2d5       11%         2
 Inner Flame              Hex/Fire       5%         N/A       36%         3
 Volatile Blastmotes      Fire/Tloc      10%        2d10      36%         3
 Flame Wave               Conj/Fire      7%         2d5       67%         4


Dungeon Overview and Level Annotations

Branches:
Dungeon (1/15)

Altars:


Innate Abilities, Weirdness & Mutations

You have a pair of small antennae on your head.


Message History

You hit the goblin.
You kill the goblin!
You start resting.
Magic restored.
There is an open door here.
You see here a +0 club.
c - a smoky pink potion A kobold comes into view.
It is wielding a +1 dagger of venom.
Found a stone staircase leading down.
You conjure some foxfire!
The kobold throws a stone.
The stone closely misses you.
You conjure some foxfire!
The foxfire hits the kobold.
You kill the kobold!
Found an emerald potion.
Found a quarterstaff and a whip.
Your foxfire dissipates!
A goblin comes into view. It is wielding a +0 club.
Things that are here:
a +1 dagger of venom; 5 stones; a kobold corpse
d - a +1 dagger of venom Your +1 dagger of venom begins to drip with poison!
d - a +1 dagger of venom (weapon)
The goblin shouts!
You see here a potion of magic.
You closely miss the goblin. The goblin barely misses you.
You hit the goblin.
You kill the goblin!
A goblin comes into view. It is wielding a +0 dagger.
Found a robe.
The goblin shouts!
The goblin hits you with a +0 dagger.
You barely miss the goblin. The goblin hits you with a +0 dagger.
You closely miss the goblin. The goblin hits you with a +0 dagger.
You hit the goblin.
You kill the goblin!
Your Stealth skill increases to level 2!
You have reached level 2!
Your demonic ancestry asserts itself...
A pair of antennae grows on your head!
Are you sure you want to abandon this character and quit the game? (Confirm with "yes".)

## #[. .. .# .
##########.# ..
..........)###...
..........@.......
.).............)..
................##
........).........
................##
........!.......#
................#
.......(........#
.
########.....!..#


There were no monsters in sight!

Vanquished Creatures
  An endoplasm (D:1)
  3 goblins (D:1)
  2 kobolds (D:1)
  A bat (D:1)
7 creatures vanquished.

Vanquished Creatures (others)
  10 foxfires (D:1)
10 creatures vanquished.

Grand Total: 17 creatures vanquished

Notes
Turn   | Place    | Note
-------+----------+-------------------------------------------
     0 | D:1      | Aviak the Demonspawn Fire Elementalist began the quest for
                  | the Orb.
     0 | D:1      | Reached XP level 1. HP: 13/13 MP: 3/3
   113 | D:1      | Gained mutation: You have a pair of small antennae on your
                  | head. [demonic ancestry]
   113 | D:1      | Reached XP level 2. HP: 12/19 MP: 3/5
   113 | D:1      | Quit the game

Illustrated notes

Levels and vault maps discovered:
D:1:      tarquinn_simple_flora_water_e, layout_basic, chequers_garden

Skill      XL: |  1 |
---------------+----+-----
Stealth        | 2 |  2.0
Dodging        | |  1.9
Spellcasting   | |  2.1
Conjurations   | |  1.2
Fire Magic     | |  2.8

Action                     || total
---------------------------++-------
  Melee: Unarmed           ||    12
         Dagger            ||     5
   Cast: Foxfire           ||     6
 Armour: Robe              ||    11
  Dodge: Dodged            ||    12
